cohdb
Replays
Latest Replays
All Replays
Popular Replays
Top Player Replays
Match Explorer
How It Works
Community
CoH3 Stats
Reddit
Sign in to upload your games and track your stats! →
Sign in with Steam
Match 41057233
Unlisted
Match 41057233
Overview
Messages
Build Orders
End
Kradschützen Motorcycle Team
Selects Panzerjäger Kommand Battlegroup
250 Light Carrier
Selects Mine Fields
Panzergrenadier Squad
Panzergrenadier Squad
Construct Light Support Kompanie
MG34 Team
Combat Half-tracks
Fire Support Elements
Flakvierling Half-track
Selects Tank Busters
Panzerjäger Squad
2.5-tonne Medical Truck
Pak 38 Anti-tank Gun Team
Selects Defensive Positions
Construct Mechanized Kompanie
Construct Panzerarmee Kommand
le.IG 18 Support Gun Team
Walking Stuka Rocket Launcher
jhclover
vincent
see you again
松坂砂糖
Lt_Winters
Biggie Smalls
PECANPIE1010
chiuchiu63333
0
0
Comments
sign in to comment!
No comments posted yet!